 Dungeon Crawl Stone Soup version 0.31-a0-165-g3f4f80340b (webtiles) character file.

Game seed: 2791051473301544985

452 qw the Shooter (level 7, -6/64 HPs)
             Began as a Naga Hunter on June 13, 2023.
             Mangled by Pikel
             ... wielding a +2 whip of flaming
              (11 damage)
             ... on level 4 of the Dungeon.
             The game lasted 00:01:01 (2528 turns).

qw the Shooter (Naga Hunter)                        Turns: 2528, Time: 00:01:02

Health: -6/64      AC:  4    Str: 13    XL:     7   Next: 5%
Magic:  7/7        EV:  9    Int: 10    God:
Gold:   100        SH:  0    Dex: 16    Spells: 6/6 levels left

rFire   . . .        Y - +2 shortbow
rCold   . . .        (shield currently unavailable)
rNeg    + . .        c - +0 leather armour
rPois   +            m - +0 helmet
rElec   .            (no cloak)
rCorr   .            (no gloves)
SInv    +            (no barding)
Will    .....        (no amulet)
Stlth   ++           g - ring of positive energy
HPRegen 0.30/turn    (no ring)
MPRegen 0.10/turn

%: no passive effects
@: about to teleport, short of breath, very slow
A: AC +2, large, see invisible, deformed body, poison resistance, slowness 2,
spit poison 1, naga tail 1
a: Spit Poison


You were on level 4 of the Dungeon.
You visited 1 branch of the dungeon, and saw 5 of its levels.

You collected 220 gold pieces.
You spent 120 gold pieces at shops.


Innate Abilities, Weirdness & Mutations

Your serpentine skin is tough. (AC +2)
You have supernaturally acute eyesight. (SInv)
Armour fits poorly on your strangely shaped body.
Your system is resistant to poisons. (rPois)
You cover ground very slowly.
You can spit poison.
You have a snake-like lower body.


   Skills:
 - Level 4.2 Fighting
 + Level 6.6 Ranged Weapons
 - Level 1.5 Dodging
 - Level 1.5 Stealth


You had 6 spell levels left.
You didn't know any spells.
Your spell library was empty.

Inventory:

Hand Weapons
 Y - a +2 shortbow (weapon)
Armour
 c - a +0 leather armour (worn)
 m - a +0 helmet (worn)
Jewellery
 g - a ring of positive energy (left hand)
Potions
 b - a potion of cancellation {unknown}
 d - a potion of mutation {unknown}
 e - a potion of heal wounds
 f - a potion of enlightenment {unknown}
 h - a potion of ambrosia {unknown}
 i - a potion of degeneration {unknown}
 j - a potion of magic {unknown}
 k - a potion of might {unknown}
 n - a potion of brilliance {unknown}

Dungeon Overview and Level Annotations

Branches:
Dungeon (5/15)
 Temple: D:4-7

Altars:
Dithmenos

Shops:
D:3 *

Annotations:
D:4 Pikel


Message History

Pikel burns you.
The black bear goes berserk!
2521 ||| STAIRDANCE The black bear closely misses you.
The black bear claws you but does no damage.
The black bear claws you. The lemure hits you but does no damage.
Pikel barely misses you.
You climb upwards.
There is a stone staircase leading down here.
You shoot an arrow. The arrow hits the black bear!
You kill the black bear!
The lemure hits you.
Pikel hits you with a +2 whip of flaming!
Pikel burns you. The lemure hits you but does no damage.
You have reached level 7!
You shoot an arrow.
The arrow hits the lemure but does no damage.
The lemure is moderately wounded.
The lemure barely misses you.
Pikel hits you with a +2 whip of flaming!
Pikel burns you. The lemure closely misses you.
You shoot an arrow. The arrow hits the lemure.
The lemure is moderately wounded.
You have got your breath back.
The lemure hits you. Pikel misses you. The lemure hits you.
2526 ||| INVOKING Spit Poison.
Aiming: Spit Poison (1% risk of failure)
Press: ? - help, Shift-Dir - straight line, f/p - lemure The splash of poison hits the lemure.
The lemure is poisoned.
The lemure is heavily wounded.
The lemure hits you but does no damage. Pikel barely misses you.
The lemure hits you but does no damage.
You shoot an arrow. The arrow hits the lemure!
The lemure is almost dead.
The lemure hits you. Pikel barely misses you. The lemure hits you.
2528 ||| READING scroll of teleportation.
As you read the scroll of teleportation, it crumbles to dust.
You feel strangely unstable. The lemure hits you.
Pikel hits you with a +2 whip of flaming!
You die...

...[....#.##.#.# ##./.##
####.####.##.#.# ##'##
#.# #.##...# #.# #.#
#.####.# ###.###### #.#
#.# #.# #........# #.#
#.####.# #....###.#
####.#
#......########.....##.#
.....#
#####..5##.........###.##
.#####
#.#K@5.####.#........ .#
#..%#### #.#.####.## .#
##### #.#.# #.# ##
#.#.####.# ### #........#
..##### ###.######
......# #.# ..###.# #.#
#### ..###.# ##########.#
#...


You could see Pikel and 2 lemures.

Vanquished Creatures
  2 black bears (D:4)
  A centaur (D:4)
  Terence (D:3)
  6 gnolls
  4 adders
  An ufetubus (D:4)
  3 dart slugs
  7 endoplasms
  8 giant cockroaches
  4 goblins
  7 hobgoblins
  4 kobolds
  3 quokkas
  5 ball pythons
  7 bats
  3 frilled lizards
  7 rats
73 creatures vanquished.

Notes
Turn   | Place    | Note
-------+----------+-------------------------------------------
     0 | D:1      | qw the Naga Hunter began the quest for the Orb.
     0 | D:1      | Reached XP level 1. HP: 19/19 MP: 1/1
     0 | D:1      | 0 ||| qw: Version: 0.2-a-29-gc1b59c4
     0 | D:1      | 0 ||| qw: Game counter: 4685
     0 | D:1      | 0 ||| qw: Always use a shield: true
     0 | D:1      | 0 ||| qw: God list: Okawaru
     0 | D:1      | 0 ||| qw: Allow faded altars: false
     0 | D:1      | 0 ||| qw: Do Orc after D:15 true
     0 | D:1      | 0 ||| qw: Do second Lair branch before Depths: true
     0 | D:1      | 0 ||| qw: Lair rune preference: random
     0 | D:1      | 0 ||| qw: Plans: Normal
     0 | D:1      | 0 ||| PLANNING D:1-11
    10 | D:1      | 10 ||| INVOKING Spit Poison.
    53 | D:1      | 53 ||| INVOKING Spit Poison.
    61 | D:1      | 61 ||| INVOKING Spit Poison.
    69 | D:1      | 69 ||| INVOKING Spit Poison.
    72 | D:1      | Reached skill level 4 in Ranged Weapons
    72 | D:1      | Reached XP level 2. HP: 26/26 MP: 2/2
    75 | D:1      | 75 ||| INVOKING Spit Poison.
    90 | D:1      | 90 ||| INVOKING Spit Poison.
   110 | D:1      | 110 ||| INVOKING Spit Poison.
   130 | D:1      | 130 ||| INVOKING Spit Poison.
   138 | D:1      | 138 ||| INVOKING Spit Poison.
   151 | D:1      | 151 ||| INVOKING Spit Poison.
   175 | D:1      | 175 ||| INVOKING Spit Poison.
   234 | D:1      | 234 ||| INVOKING Spit Poison.
   240 | D:1      | 240 ||| INVOKING Spit Poison.
   275 | D:1      | 275 ||| INVOKING Spit Poison.
   336 | D:1      | 336 ||| INVOKING Spit Poison.
   402 | D:1      | 402 ||| UPGRADING to ring of positive energy.
   403 | D:1      | 403 ||| READING 2 scrolls labelled YTUOSCH MUFEGG.
   404 | D:1      | 404 ||| READING scroll labelled GAPROZE MABLO.
   405 | D:1      | 405 ||| DRINKING 2 brown potions.
   406 | D:1      | 406 ||| DROPPING scroll of revelation.
   407 | D:1      | 407 ||| DROPPING scroll of butterflies.
   414 | D:2      | 414 ||| INVOKING Spit Poison.
   415 | D:2      | 415 ||| INVOKING Spit Poison.
   418 | D:2      | Reached XP level 3. HP: 32/32 MP: 3/3
   421 | D:2      | 421 ||| INVOKING Spit Poison.
   453 | D:2      | 453 ||| INVOKING Spit Poison.
   491 | D:2      | 491 ||| INVOKING Spit Poison.
   498 | D:2      | 498 ||| INVOKING Spit Poison.
   512 | D:2      | 512 ||| INVOKING Spit Poison.
   554 | D:2      | 554 ||| INVOKING Spit Poison.
   577 | D:2      | 577 ||| INVOKING Spit Poison.
   625 | D:2      | 625 ||| INVOKING Spit Poison.
   626 | D:2      | Reached skill level 5 in Ranged Weapons
   630 | D:2      | 630 ||| INVOKING Spit Poison.
   631 | D:2      | Reached XP level 4. HP: 39/39 MP: 4/4
   644 | D:2      | 644 ||| INVOKING Spit Poison.
   654 | D:2      | 654 ||| INVOKING Spit Poison.
   729 | D:2      | 729 ||| INVOKING Spit Poison.
   760 | D:2      | 760 ||| READING 2 scrolls labelled FYESMUACAM.
   778 | D:3      | Noticed Terence
   780 | D:3      | 780 ||| INVOKING Spit Poison.
   784 | D:3      | Killed Terence
   785 | D:3      | Reached skill level 3 in Fighting
   789 | D:3      | 789 ||| INVOKING Spit Poison.
   805 | D:3      | 805 ||| INVOKING Spit Poison.
   807 | D:3      | Found Ziwn's Assorted Antiques.
   810 | D:3      | Found a faded altar of an unknown god.
   815 | D:3      | 815 ||| BUYING scroll labelled HIGGUX FESSIAN (20 gold).
   815 | D:3      | Bought a scroll labelled HIGGUX FESSIAN for 20 gold pieces
   815 | D:3      | 815 ||| BUYING scroll labelled LOGUKL EXTO (20 gold).
   815 | D:3      | Bought a scroll labelled LOGUKL EXTO for 20 gold pieces
   815 | D:3      | 815 ||| BUYING scroll labelled NEPECHI VIQO (20 gold).
   815 | D:3      | Bought a scroll labelled NEPECHI VIQO for 20 gold pieces
   815 | D:3      | 815 ||| BUYING scroll labelled ORGHOI ROXIUL (20 gold).
   815 | D:3      | Bought a scroll labelled ORGHOI ROXIUL for 20 gold pieces
   815 | D:3      | 815 ||| BUYING scroll labelled ORGHOI ROXIUL (20 gold).
   815 | D:3      | Bought a scroll labelled ORGHOI ROXIUL for 20 gold pieces
   815 | D:3      | 815 ||| BUYING scroll labelled PAOTON QAPU (20 gold).
   815 | D:3      | Bought a scroll labelled PAOTON QAPU for 20 gold pieces
   815 | D:3      | 815 ||| SHOPLISTING scroll of teleportation (60 gold, have
                  | 3).
   846 | D:3      | 846 ||| INVOKING Spit Poison.
   920 | D:3      | 920 ||| INVOKING Spit Poison.
  1071 | D:3      | 1071 ||| INVOKING Spit Poison.
  1091 | D:3      | 1091 ||| INVOKING Spit Poison.
  1095 | D:3      | 1095 ||| INVOKING Spit Poison.
  1177 | D:3      | 1177 ||| INVOKING Spit Poison.
  1180 | D:3      | 1180 ||| INVOKING Spit Poison.
  1183 | D:3      | 1183 ||| INVOKING Spit Poison.
  1184 | D:3      | Reached XP level 5. HP: 47/49 MP: 5/5
  1344 | D:3      | 1344 ||| READING 2 scrolls labelled HIGGUX FESSIAN.
  1345 | D:3      | 1345 ||| READING 2 scrolls labelled LOGUKL EXTO.
  1346 | D:3      | 1346 ||| READING scroll of enchant weapon.
  1346 | D:3      | 1346 ||| ENCHANTING +1 shortbow.
  1347 | D:3      | 1347 ||| READING scroll labelled NEPECHI VIQO.
  1348 | D:3      | 1348 ||| READING 2 scrolls labelled ORGHOI ROXIUL.
  1349 | D:3      | 1349 ||| READING scroll labelled PAOTON QAPU.
  1350 | D:3      | 1350 ||| READING scroll labelled TEZOET PASCHAOST.
  1351 | D:3      | 1351 ||| READING scroll labelled POOFUE VUAM.
  1352 | D:3      | 1352 ||| DROPPING scroll of poison.
  1353 | D:3      | 1353 ||| DROPPING scroll of amnesia.
  1374 | D:4      | 1374 ||| INVOKING Spit Poison.
  1384 | D:4      | 1384 ||| INVOKING Spit Poison.
  1451 | D:4      | Noticed a black bear
  1452 | D:4      | 1452 ||| INVOKING Spit Poison.
  1456 | D:4      | 1456 ||| INVOKING Spit Poison.
  1456 | D:4      | Killed a black bear
  1457 | D:4      | Reached skill level 6 in Ranged Weapons
  1582 | D:4      | 1582 ||| INVOKING Spit Poison.
  1596 | D:4      | 1596 ||| INVOKING Spit Poison.
  1617 | D:4      | Reached XP level 6. HP: 56/56 MP: 6/6
  1672 | D:4      | 1672 ||| INVOKING Spit Poison.
  1865 | D:4      | 1865 ||| INVOKING Spit Poison.
  1902 | D:4      | Found a shadowy altar of Dithmenos.
  1959 | D:4      | 1959 ||| INVOKING Spit Poison.
  1960 | D:4      | 1960 ||| Stepping ~*~*~tactically~*~*~ (outnumbered).
  1961 | D:4      | 1961 ||| Stepping ~*~*~tactically~*~*~ (outnumbered).
  1964 | D:4      | 1964 ||| INVOKING Spit Poison.
  1970 | D:4      | 1970 ||| INVOKING Spit Poison.
  1971 | D:4      | HP: 6/56 [gnoll/+0 flail (9)]
  1972 | D:4      | 1972 ||| READING 2 scrolls of teleportation.
  1973 | D:4      | 1973 ||| DRINKING 2 potions of heal wounds.
  1974 | D:4      | 1974 ||| INVOKING Spit Poison.
  2127 | D:4      | 2127 ||| INVOKING Spit Poison.
  2133 | D:4      | 2133 ||| INVOKING Spit Poison.
  2390 | D:4      | 2390 ||| UPGRADING to +0 helmet.
  2395 | D:4      | 2395 ||| READING scroll labelled ZER ACABIY.
  2509 | D:5      | Entered Level 5 of the Dungeon
  2510 | D:5      | 2510 ||| INVOKING Spit Poison.
  2512 | D:5      | Noticed a black bear
  2513 | D:5      | Noticed Pikel
  2515 | D:5      | 2515 ||| INVOKING Spit Poison.
  2520 | D:5      | 2520 ||| INVOKING Spit Poison.
  2521 | D:5      | 2521 ||| STAIRDANCE
  2523 | D:4      | Killed a black bear
  2524 | D:4      | Reached XP level 7. HP: 31/64 MP: 7/7
  2526 | D:4      | 2526 ||| INVOKING Spit Poison.
  2527 | D:4      | HP: 13/64 [lemure[Pikel] (6)]
  2528 | D:4      | 2528 ||| READING scroll of teleportation.
  2528 | D:4      | HP: 5/64 [lemure[Pikel] (2)]
  2528 | D:4      | Mangled by Pikel

Levels and vault maps discovered:
D:1:      minmay_arrival_four_circles, layout_basic
D:2:      layout_rooms
D:3:      layout_loops_ring, serial_shops, shop,
          shapermc_ecumenical_altar_acropolis, kennysheep_decorative_pillar,
          uniq_terence
D:4:      layout_loops_corners, nicolae_dithmenos_the_darkroom
D:5:      layout_loops_ring, grunt_ministairs_13, uniq_grinder,
          uniq_blork_the_orc, uniq_pikel

Skill      XL: |  1  2  3  4  5  6 |
---------------+-------------------+-----
Ranged Weapons | 4 5 6 |  6.6
Fighting       | 3 4 |  4.2
Dodging        | |  1.5
Stealth        | |  1.5

Action                     |  1- 3 |  4- 6 |  7- 9 || total
---------------------------+-------+-------+-------++-------
   Fire: Shortbow          |    55 |    79 |     3 ||   137
Ability: Spit Poison       |    25 |    31 |     1 ||    57
    Use: Scroll            |     2 |    11 |     1 ||    14
         Potion            |     1 |     1 |       ||     2
 Armour: Leather armour    |     8 |    11 |     2 ||    21
  Dodge: Dodged            |    16 |    31 |     5 ||    52

Table legend:
 A = Non-vault XP
 B = Vault XP
 C = Vault XP percentage of total XP
 D = Non-vault monster count
 E = Vault monster count
 F = Vault count percentage of total count
                 A         B        C        D         E       F
            +---------+---------+-------+---------+---------+-------
      Total |     611 |      36 |   5.6 |      72 |       1 |   1.4
            +---------+---------+-------+---------+---------+-------
        D:1 |      31 |       0 |   0.0 |      18 |       0 |   0.0
        D:2 |      71 |       0 |   0.0 |      22 |       0 |   0.0
        D:3 |      37 |      36 |  49.3 |      14 |       1 |   6.7
        D:4 |     429 |       0 |   0.0 |      15 |       0 |   0.0
        D:5 |      43 |       0 |   0.0 |       3 |       0 |   0.0
            +---------+---------+-------+---------+---------+-------
